 Dungeon Crawl Stone Soup version 0.28.0 (webtiles) character file.

Game seed: 4112243651387523226

104642 MacCMillion the Warrior (level 15, 0/155 HPs)
             Began as a Minotaur Fighter on Feb 7, 2022.
             Was a Priest of Ignis.
             Slain by a jumping spider simulacrum (23 damage)
             ... on level 1 of the Spider Nest.
             The game lasted 01:21:35 (34701 turns).

MacCMillion the Warrior (Minotaur Fighter)         Turns: 34701, Time: 01:21:36

Health: 0/155      AC: 40    Str: 27    XL:     15   Next: 92%
Magic:  14/14      EV: 14    Int:  5    God:    Ignis [***...]
Gold:   156        SH:  0    Dex: 11    Spells: 14/14 levels left

rFire   + + .      SeeInvis +   u - +7 battleaxe of Impeachment {speed, rPois}
rCold   . . .      Faith    .   (shield currently unavailable)
rNeg    . . .      Spirit   .   U - +11 plate armour "Rasoh" {+Inv rF+ SInv}
rPois   +          Reflect  .   s - +0 hat {SInv}
rElec   .          Harm     .   h - +0 cloak
rCorr   .          Rampage  .   a - +2 pair of gloves {hurl}
Will    +....                   (no boots)
Stlth   ..........              A - amulet of magic regeneration
HPRegen 0.35/turn               L - +4 ring of evasion
MPRegen 0.54/turn               R - ring of poison resistance

@: mighty, fiery-armoured
A: horns 2, retaliatory headbutt
a: Renounce Religion, Evoke Invisibility, Fiery Armour, Foxfire Swarm, Rising
Flame


You were on level 1 of the Spider Nest.
You worshipped Ignis.
Ignis was most pleased with you.
You visited 4 branches of the dungeon, and saw 24 of its levels.
You also visited: Sewer and Volcano.

You collected 1963 gold pieces.
You spent 1807 gold pieces at shops.

Inventory:

Hand Weapons
 b - a +2 war axe of flaming
 u - the +7 battleaxe of Impeachment (weapon) {speed, rPois}
   (You found it on level 6 of the Lair of Beasts)

   Attacks with this weapon are significantly faster.
   rPois:     It protects you from poison.
 V - the +9 arbalest of Wyrd {speed, rC+ Will+ Str-2}
   (You found it on level 1 of the Spider Nest)

   Attacks with this weapon are significantly faster.
   Str:       It affects your strength (-2).
   rC:        It protects you from cold.
   Will:      It increases your willpower.
Missiles
 d - a curare-tipped dart
 m - 32 poisoned darts
 G - 31 boomerangs (quivered)
 I - 2 silver boomerangs
 Z - 14 javelins
Armour
 a - a +2 pair of gloves of hurling (worn)
 c - a +0 buckler
 h - a +0 cloak (worn)
 s - a +0 hat of see invisible (worn)
 U - the +11 plate armour "Rasoh" (worn) {+Inv rF+ SInv}
   (You bought it in a shop on level 2 of the Orcish Mines)

   rF:        It protects you from fire.
   SInv:      It lets you see invisible.
   +Inv:      It lets you turn invisible.
Jewellery
 r - a ring of willpower
 w - the ring of Shadows {Umbra +Inv Stlth+}
   (You found it on level 4 of the Dungeon)

   [ring of stealth]

   It surrounds you with an aura of shadow, increasing your stealth and reducing
   the accuracy of all others within it.
   +Inv:      It lets you turn invisible.
   Stlth:     It makes you more stealthy.
 A - an amulet of magic regeneration (around neck)
 E - a ring of protection from cold
 L - a +4 ring of evasion (left hand)
 O - a ring of see invisible
 R - a ring of poison resistance (right hand)
 W - a ring of willpower
Wands
 p - a wand of acid (5)
 q - a wand of charming (5)
 y - a wand of iceblast (26)
Scrolls
 e - 5 scrolls of fear
 f - 2 scrolls of identify
 i - 4 scrolls of blinking
 j - 11 scrolls of teleportation
 k - 3 scrolls of enchant armour {unknown}
 n - 3 scrolls of torment
 o - 5 scrolls of amnesia
 F - 2 scrolls of fog
 J - 2 scrolls of vulnerability
 K - a scroll of enchant weapon
 M - 4 scrolls of summoning
 N - 2 scrolls of magic mapping
 P - a scroll of holy word
 T - 2 scrolls of immolation
Potions
 g - 3 potions of flight
 l - 10 potions of curing
 t - 2 potions of might
 x - 2 potions of invisibility
 z - 3 potions of attraction
 B - 7 potions of haste
 C - 3 potions of heal wounds
 D - 2 potions of resistance
 H - 3 potions of mutation
 Q - 2 potions of brilliance
 S - 2 potions of magic
 Y - 13 potions of ambrosia
Miscellaneous
 v - a box of beasts


   Skills:
 + Level 19.7 Fighting
 + Level 17.4 Axes
 + Level 2.3 Crossbows
 - Level 10.0 Throwing
 + Level 15.6 Armour
 - Level 5.0 Dodging
 - Level 2.6 Stealth
 - Level 4.0 Shields
 - Level 8.0 Evocations


You had 14 spell levels left.
You didn't know any spells.
Your spell library contained the following spells:

 Spells                   Type           Power      Damage    Failure   Level
 Foxfire                  Conj/Fire      0%         2x1d4     97%         1
 Magic Dart               Conj           0%         1d3       97%         1
 Sting                    Tmut/Pois      0%         1d3       97%         1
 Ensorcelled Hibernation  Hex/Ice        0%         N/A       99%         2
 Passwall                 Tmut/Erth      0%         N/A       99%         2
 Poisonous Vapours        Pois/Air       0%         N/A       99%         2
 Searing Ray              Conj           0%         2d4       99%         2
 Conjure Flame            Conj/Fire      0%         6-21      100%        3
 Gell's Gravitas          Tloc           0%         N/A       100%        3
 Inner Flame              Hex/Fire       0%         N/A       100%        3
 Swiftness                Air            0%         N/A       100%        3
 Teleport Other           Tloc           0%         N/A       100%        3
 Flame Wave               Conj/Fire      0%         2d4       100%        4
 Fulminant Prism          Conj/Hex       0%         3d6       100%        4
 Olgreb's Toxic Radiance  Pois           0%         N/A       100%        4
 Alistair's Intoxication  Tmut/Pois      0%         N/A       100%        5
 Borgnjor's Vile Clutch   Necr/Erth      0%         N/A       100%        5
 Dispersal                Tloc           0%         N/A       100%        6
 Eringya's Noxious Bog    Tmut/Pois      0%         N/A       100%        6


Dungeon Overview and Level Annotations

Branches:
Dungeon (15/15)            Temple (0/1) D:5            Lair (6/6) D:10
  Swamp (0/4) Lair:4       Spider (1/4) Lair:4        Slime (0/5) Lair:6
    Orc (2/2) D:9             Elf (0/3) Orc:2        Vaults (0/5) D:14
 Depths (0/4) D:15          Sewer (visited)         Volcano (visited)

Altars:
Xom
Beogh
Ignis
Jiyva

Shops:
D:6 (=   Orc:2 ****([[

Annotations:
D:6 2 transporters
Lair:6 1 runed translucent door
Spider:1 Agnes


Innate Abilities, Weirdness & Mutations

You have a pair of horns on your head.
You reflexively headbutt those who attack you in melee.


Message History

You kill the tarantella!
You hit the wolf spider.
A freezing mist starts to gather...
A tarantella simulacrum comes into view.
The foxfire hits the wolf spider but does no damage.
The wolf spider is severely wounded.
Agnes hits you with a +2 lajatang of electrocution.
Agnes is burned by your cloak of flames.
Agnes is moderately wounded.
The wolf spider hits you but does no damage.
The wolf spider is burned by your cloak of flames.
The wolf spider is almost dead.
The wolf spider completely misses you.
Unknown command.
You feel very mighty all of a sudden.
You carefully extract the barbed spikes from your body.
Agnes hits you but does no damage.
You are electrocuted!!
* * * LOW HITPOINT WARNING * * *
Agnes is burned by your cloak of flames.
Agnes is moderately wounded.
The wolf spider hits you.
* * * LOW HITPOINT WARNING * * *
The wolf spider is burned by your cloak of flames.
The wolf spider is almost dead.
The wolf spider bites you but does no damage.
The wolf spider is burned by your cloak of flames.
The wolf spider is almost dead.
Agnes misses you. You furiously retaliate!
You headbutt Agnes.
The jumping spider simulacrum closely misses you.
The jumping spider simulacrum completely misses you.
You closely miss Agnes.
Agnes is heavily wounded.
You hit the jumping spider simulacrum. You closely miss the wolf spider.
The wolf spider hits you but does no damage.
The wolf spider is burned by your cloak of flames.
You kill the wolf spider!
Agnes closely misses you.
The jumping spider simulacrum pounces on you!
* * * LOW HITPOINT WARNING * * *
The jumping spider simulacrum freezes you!!
You die...

## .... #.##.^. ##....#
.. #...#.### # .####
#......# #. ....#
####?....## ##.##....#
......?sZ.###..... ..#
.####.si####.#...#..###
##.#@..##.##^.#. .##
#..ZZ#...#..#..##..#
##.#....†.#.##.....#
##...####.#......##
##... #..##.#.#.#
##..###<.......##
####...#.##†#..#
#......##...##
#..##.....###


You could see Agnes, a tarantella, a redback, a jumping spider simulacrum and a
tarantella simulacrum.

Vanquished Creatures
  Gastronok (Lair:1)
  2 orc warlords (Orc:2)
  A spark wasp (Spider:1)
  A red draconian (Volcano)
  Snorg (Lair:3)
  8 hydras
  Erolcha (Orc:1)
  3 vault guards (D:14)
  2 boulder beetles
  3 catoblepae (Lair:6)
  Erica (Orc:1)
  3 ogre magi
  4 centaur warriors
  15 two-headed ogres
  An orc high priest (Orc:2)
  4 death yaks (Lair:6)
  Urug (D:15)
  Nergalle (Orc:1)
  5 skeletal warriors
  A pharaoh ant (Spider:1)
  A flayed ghost (D:14)
  A steelbarb worm (Spider:1)
  Pikel (D:8)
  2 deep elf pyromancers (D:15)
  2 wizards (D:15)
  A necromancer (D:15)
  5 orc knights
  7 ugly things
  3 orc sorcerers
  3 wolf spiders (Spider:1)
  6 manticores
  2 cyclopes
  6 elephants (Lair:5)
  Joseph (D:10)
  3 black mambas
  2 centaur skeletons (D:15)
  A torpor snail (Spider:1)
  2 gargoyles
  8 cane toads
  A rime drake (shapeshifter) (D:14)
  Psyche (D:8)
  2 kobold demonologists (D:10)
  3 demonic crawlers (Spider:1)
  2 efreet
  5 rime drakes (Lair:6)
  A tengu conjurer (D:14)
  A yaktaur (D:15)
  12 komodo dragons
  A queen bee (Lair:3)
  2 polar bears
  A blink frog (shapeshifter) (D:15)
  6 trolls
  5 tarantellas (Spider:1)
  11 dream sheep
  13 blink frogs
  7 slime creatures
  3 jumping spiders (Spider:1)
  2 culicivoras (Spider:1)
  A shadow (D:11)
  A centaur simulacrum (D:15)
  A wraith (D:13)
  4 wyverns
  A human (D:14)
  A hog (shapeshifter) (D:14)
  67 yaks
  A yak (shapeshifter) (D:14)
  2 steam dragons
  6 basilisks
  6 redbacks (Spider:1)
  4 wargs
  13 vampire mosquitoes
  An acid dragon (D:9)
  2 hell hounds (Lair:6)
  11 water moccasins
  50 orc warriors
  A sky beast (D:5)
  A black bear (shapeshifter) (D:14)
  A black bear (D:6)
  A necrophage (D:8)
  9 ogres
  16 wolves
  29 centaurs
  A lemure (D:8)
  5 kobold brigands
  A wyvern zombie (D:8)
  10 bullfrogs
  A scorpion (D:6)
  A wyvern skeleton (D:7)
  A water moccasin skeleton (D:4)
  27 killer bees
  4 wights (D:8)
  An electric eel (Lair:4)
  2 centaur zombies
  2 bullfrog zombies
  A hound (D:5)
  A jelly (D:5)
  A gnoll shaman (D:5)
  23 orc priests
  7 iguanas
  A scorpion zombie (D:5)
  Terence (D:1)
  19 orc wizards
  7 hell rats (Lair:2)
  A killer bee zombie (D:7)
  A hound skeleton (D:4)
  A howler monkey zombie (D:9)
  14 gnolls
  A howler monkey skeleton (D:6)
  7 adders
  3 river rats (Sewer)
  A shadow imp (D:6)
  A white imp (D:6)
  An ufetubus (D:5)
  2 adder skeletons (D:4)
  4 worms
  2 dart slugs
  107 orcs
  7 endoplasms
  8 giant cockroaches
  19 goblins
  10 hobgoblins
  11 jackals
  22 kobolds
  8 quokkas
  16 ball pythons
  10 bats
  7 frilled lizards
  9 rats
815 creatures vanquished.

Vanquished Creatures (others)
  5 foxfires (Spider:1)
  27 fungi
  42 plants
74 creatures vanquished.

Grand Total: 889 creatures vanquished

Notes
Turn   | Place    | Note
-------+----------+-------------------------------------------
     0 | D:1      | MacCMillion the Minotaur Fighter began the quest for the
                  | Orb.
     0 | D:1      | Reached XP level 1. HP: 19/19 MP: 0/0
   113 | D:1      | Reached XP level 2. HP: 23/27 MP: 1/1
   491 | D:1      | Reached skill level 4 in Fighting
   785 | D:2      | Noticed Terence
   793 | D:1      | Killed Terence
   794 | D:1      | Reached XP level 3. HP: 17/33 MP: 2/2
  1113 | D:2      | Reached XP level 4. HP: 41/41 MP: 3/3
  1291 | D:2      | Found a faded altar of an unknown god.
  1517 | D:2      | Prayed at the altar of an unknown god.
  1517 | D:2      | Became a worshipper of Ignis, the Dying Flame
  2518 | D:4      | Noticed an ogre
  2575 | D:4      | Reached XP level 5. HP: 47/47 MP: 4/4
  2689 | D:4      | Reached skill level 5 in Fighting
  2689 | D:4      | Reached skill level 5 in Armour
  3088 | D:4      | Killed an ogre
  3089 | D:4      | Reached skill level 5 in Axes
  3089 | D:4      | Reached skill level 1 in Throwing
  3089 | D:4      | Reached XP level 6. HP: 34/56 MP: 5/5
  3324 | D:4      | Found the ring of Shadows {Umbra +Inv Stlth+}
  3448 | D:5      | Entered Level 5 of the Dungeon
  3826 | D:5      | Reached XP level 7. HP: 46/61 MP: 6/6
  3838 | D:5      | Found a staircase to the Ecumenical Temple.
  3847 | D:5      | Noticed a yak
  3848 | D:5      | Noticed a yak
  3848 | D:5      | Noticed a yak
  3890 | D:5      | Killed a yak
  3891 | D:5      | Killed a yak
  4027 | D:5      | Reached XP level 8. HP: 32/68 MP: 7/7
  4028 | D:5      | Reached XP level 9. HP: 35/74 MP: 8/8
  4144 | D:5      | Found a glowing drain.
  4148 | Sewer    | Entered a sewer
  4678 | Sewer    | Reached skill level 6 in Fighting
  5226 | D:5      | Found a shimmering altar of Xom.
  5647 | D:6      | Found a transporter.
  5807 | D:6      | Found Faeck's Weapon Boutique.
  5876 | D:6      | Found Itzis's Jewellery Shoppe.
  5916 | D:6      | Found a transporter.
  6249 | D:7      | Reached skill level 1 in Dodging
  6315 | D:7      | Reached skill level 7 in Fighting
  6315 | D:7      | Reached skill level 1 in Evocations
  7286 | D:8      | Reached XP level 10. HP: 83/86 MP: 9/9
  7558 | D:8      | Noticed Psyche
  7565 | D:8      | Killed Psyche
  7986 | D:8      | Noticed Pikel
  8005 | D:8      | Killed Pikel
  8222 | D:8      | Reached skill level 8 in Fighting
  8683 | D:9      | Found a staircase to the Orcish Mines.
  9077 | D:9      | Noticed a two-headed ogre
  9083 | D:9      | Killed a two-headed ogre
  9753 | D:10     | Entered Level 10 of the Dungeon
  9753 | D:10     | Noticed a two-headed ogre
  9765 | D:9      | Killed a two-headed ogre
  9766 | D:9      | Reached XP level 11. HP: 91/95 MP: 10/10
  9853 | D:10     | Noticed Joseph
  9868 | D:10     | Killed Joseph
  9952 | D:10     | Reached skill level 5 in Dodging
  9955 | D:10     | Reached skill level 9 in Fighting
 10251 | D:10     | Found a staircase to the Lair.
 10917 | D:11     | Reached skill level 5 in Evocations
 11026 | D:11     | Reached skill level 10 in Fighting
 11294 | D:11     | Identified the +8 glaive of Duty {vamp, rCorr Stlth+}
 12146 | D:12     | Noticed a skeletal warrior
 12146 | D:12     | Noticed a skeletal warrior
 12146 | D:12     | Noticed a skeletal warrior
 12200 | D:11     | Killed a skeletal warrior
 12201 | D:11     | Reached skill level 10 in Armour
 13164 | D:12     | Reached skill level 11 in Fighting
 13439 | D:12     | Killed a skeletal warrior
 13460 | D:13     | Reached skill level 12 in Fighting
 13460 | D:13     | Reached XP level 12. HP: 100/112 MP: 11/11
 13530 | D:13     | Noticed a two-headed ogre
 13547 | D:13     | Killed a two-headed ogre
 13612 | D:13     | Noticed a centaur warrior
 13630 | D:13     | Killed a centaur warrior
 13631 | D:13     | Reached skill level 13 in Fighting
 14324 | D:13     | Noticed a two-headed ogre
 14345 | D:13     | Killed a two-headed ogre
 14813 | D:13     | Reached skill level 14 in Fighting
 15237 | D:13     | Noticed Urug
 15703 | Orc:1    | Entered Level 1 of the Orcish Mines
 15801 | Orc:1    | Noticed a two-headed ogre
 15834 | Orc:1    | Killed a two-headed ogre
 15981 | Orc:1    | Noticed Erolcha
 16149 | D:6      | Bought a ring of willpower for 250 gold pieces
 16266 | Orc:1    | Killed Erolcha
 16391 | Orc:1    | Reached skill level 15 in Fighting
 16694 | Orc:2    | Entered Level 2 of the Orcish Mines
 16706 | Orc:2    | Found Qinlul's Antique Armour Shoppe.
 16712 | Orc:2    | Found a staircase to the Elven Halls.
 17117 | Orc:2    | Found Mucesiosch's General Store.
 17943 | Orc:2    | Noticed an orc warlord
 17996 | Orc:2    | Killed an orc warlord
 17997 | Orc:2    | Reached XP level 13. HP: 45/127 MP: 12/12
 18505 | Orc:2    | Found Huistrom's Antique Armour Shoppe.
 18507 | Orc:2    | Found Hies Lutasi's Antique Weapon Emporium.
 18661 | Orc:1    | Noticed Erica
 18661 | Orc:1    | Noticed Nergalle
 18661 | Orc:1    | Noticed an orc warlord
 19379 | Orc:2    | Found Ziniogur's General Store.
 19381 | Orc:2    | Found Vytes's Specific Store.
 19633 | Orc:2    | Found Kohakl Qotei's Assorted Antiques.
 19814 | Orc:2    | Bought a +2 war axe of flaming for 292 gold pieces
 19890 | Orc:2    | Bought a pair of runed gloves for 225 gold pieces
 20299 | Orc:2    | Killed an orc warlord
 20300 | Orc:2    | Reached skill level 5 in Throwing
 21032 | Lair:1   | Entered Level 1 of the Lair of Beasts
 21618 | Lair:1   | Reached skill level 16 in Fighting
 21941 | Lair:1   | Noticed Gastronok
 22001 | Lair:1   | Killed Gastronok
 23216 | Lair:2   | You fall into a shaft and drop 1 floor!
 23782 | Lair:3   | Reached XP level 14. HP: 122/138 MP: 13/13
 23918 | Lair:3   | Noticed Snorg
 23932 | Lair:3   | Killed Snorg
 25369 | Lair:4   | Reached skill level 17 in Fighting
 25456 | Lair:4   | Found a staircase to the Swamp.
 25463 | Lair:4   | Found a hole to the Spider Nest.
 26050 | Lair:4   | Identified the +4 mace "Zukem" {vamp, rPois rC+ Str+3}
 26933 | Lair:6   | Entered Level 6 of the Lair of Beasts
 27099 | Lair:6   | Found a runed translucent door.
 27099 | Lair:6   | Found a viscous altar of Jiyva.
 27099 | Lair:6   | Found a staircase to the Slime Pits.
 27357 | Lair:6   | Identified the +0 robe "Vuats" {rN+ Regen+}
 27501 | Lair:6   | Found a dark tunnel.
 27516 | Volcano  | Entered a volcano
 27560 | Volcano  | Found a radiant altar of Vehumet.
 28350 | Lair:6   | Reached skill level 18 in Fighting
 29141 | Lair:6   | Reached XP level 15. HP: 146/149 MP: 14/14
 29416 | Lair:6   | Identified the +7 battleaxe of Impeachment {speed, rPois}
 30049 | Orc:1    | Killed Erica
 30053 | Orc:1    | Killed Nergalle
 30681 | D:14     | Reached skill level 15 in Armour
 31073 | D:14     | Paralysed by an ogre mage for 6 turns
 31710 | D:14     | Reached skill level 10 in Throwing
 31966 | D:14     | Reached skill level 19 in Fighting
 32242 | D:14     | Found a gate to the Vaults.
 32400 | D:15     | Entered Level 15 of the Dungeon
 32651 | D:15     | Killed Urug
 32652 | D:15     | Reached skill level 1 in Stealth
 33876 | D:15     | Found a staircase to the Depths.
 34209 | D:6      | Bought a ring of poison resistance for 200 gold pieces
 34345 | Orc:2    | Bought a spiked plate armour for 840 gold pieces
 34345 | Orc:2    | Identified the +11 plate armour "Rasoh" {+Inv rF+ SInv}
                  | (You bought it in a shop on level 2 of the Orcish Mines)
 34548 | Spider:1 | Entered Level 1 of the Spider Nest
 34555 | Spider:1 | Identified the +9 arbalest of Wyrd {speed, rC+ Will+ Str-2}
 34651 | Spider:1 | Reached skill level 1 in Crossbows
 34683 | Spider:1 | Noticed Agnes
 34701 | Spider:1 | Slain by a jumping spider simulacrum

Illustrated notes

Levels and vault maps discovered:
D:1:      evilmike_arrival_hilbert_curve, layout_basic
D:2:      layout_loops_corners, hellmonk_ecumenical_altar_defaced_shrine,
          uniq_terence
D:3:      layout_rooms, minmay_misc_feat_square, serial_bayou_pond_c
D:4:      layout_rooms
D:5:      layout_basic, kennysheep_mini_moat, temple_doors_e,
          gup_sewer_entry_bowl
D:6:      gammafunk_cloud_chamber, layout_rooms, serial_shops,
          nicolae_shop_stone, nicolae_shop_waterfront, grunt_decor_cap
D:7:      layout_rooms
D:8:      corexii_shantytown, layout_loops_corners, uniq_pikel, uniq_psyche
D:9:      layout_roguey, david_orc_1_choice
D:10:     layout_gridville, lair_entry_dummy, uniq_joseph
D:11:     layout_cave_pools
D:12:     layout_basic
D:13:     layout_loops_ring, uniq_urug
D:14:     layout_roguey, grunt_vaults_entry_fortified, chequers_avenue,
          minivault_25_ag
D:15:     grunt_enter_depths_magical_seal, layout_loops_ring
Lair:1:   beast_lair_carwin_large_4, layout_chaotic_city, uniq_gastronok
Lair:2:   layout_chaotic_city, chequers_serial_rivers_small_3, lemuel_fruit_tree
Lair:3:   layout_cellular_growth, special_room [special_room_bee], uniq_snorg
Lair:4:   layout_regular_city, swamp_mist_pool, spider_nest_entry_webs,
          chequers_serial_rivers_large_b
Lair:5:   layout_roguey
Lair:6:   evilmike_catoblepas_cave, layout_regular_city, slime_altar_2,
          enter_volcano_3, minmay_lair_drake_nest, grunt_megastairs_5
Spider:1: layout_spider_delve, nicolae_spider_eight_legs, uniq_nikola,
          uniq_agnes
Orc:1:    layout_diamond_mine, basic_altar, uniq_erica, uniq_erolcha,
          uniq_nergalle
Orc:2:    grunt_orc_community_town_hall, layout_diamond_mine,
          grunt_orc_community_big_house_2, grunt_orc_community_big_house_2,
          grunt_orc_community_house_3, grunt_orc_community_house_1,
          grunt_orc_community_house_2, grunt_orc_community_house_1,
          grunt_orc_community_house_3, grunt_orc_community_house_1,
          serial_shops, nicolae_shop_stone, special_room, nicolae_specific_store

Skill      XL: |  1  2  3  4  5  6  7  8  9 10 11 12 13 14 15 |
---------------+----------------------------------------------+-----
Armour         | 4 5 6 7 10 12 14 15 | 15.6
Fighting       | 4 5 7 8 12 15 16 18 19 | 19.7
Axes           | 3 4 5 6 9 16 17 | 17.4
Shields        | 4 |  4.0
Throwing       | 1 2 3 4 6 8 10 | 10.0
Dodging        | 2 4 5 |  5.0
Evocations     | 2 3 5 7 8 |  8.0
Stealth        | 2 |  2.6
Crossbows      | 2 |  2.3

Action                   |  1- 3 |  4- 6 |  7- 9 | 10-12 | 13-15 || total
-------------------------+-------+-------+-------+-------+-------++-------
Melee: War axe           |    44 |   103 |   204 |   774 |   778 ||  1903
       Headbutt          |     4 |    14 |    36 |   161 |   262 ||   477
       Battleaxe         |       |       |       |       |   293 ||   293
Throw: Dart              |       |     8 |     9 |    17 |    22 ||    56
       Throwing net      |       |       |       |     1 |       ||     1
       Boomerang         |       |       |       |    52 |    88 ||   140
       Javelin           |       |       |       |       |     1 ||     1
Invok: Fiery Armour      |       |       |       |     2 |     2 ||     4
       Foxfire Swarm     |       |       |       |       |     1 ||     1
Evoke: Wand              |       |       |       |     4 |    10 ||    14
  Use: Scroll            |       |     6 |       |     4 |    11 ||    21
       Potion            |       |       |     9 |     1 |     2 ||    12
 Stab: Sleeping          |       |       |     2 |       |       ||     2
       Invisible         |       |       |     1 |       |       ||     1
Armor: Scale mail        |    25 |    44 |    39 |       |       ||   108
       Skin              |       |       |    39 |       |       ||    39
       Plate armour      |       |       |    28 |   233 |    65 ||   326
       Chain mail        |       |       |       |       |   363 ||   363
Dodge: Dodged            |    27 |    48 |    66 |   368 |   545 ||  1054
Block: Buckler           |    11 |    16 |    36 |   144 |   107 ||   314
